 Dungeon Crawl Stone Soup version 0.31-a0-175-g9f7f995f2b (webtiles) character file.

Game seed: 6032996685107056137

57 qw the Chopper (level 4, -4/28 HPs)
             Began as a Gargoyle Fighter on June 17, 2023.
             Slain by Sigmund
             ... wielding a +0 scythe
              (5 damage)
             ... on level 2 of the Dungeon.
             The game lasted 00:00:37 (1218 turns).

qw the Chopper (Gargoyle Fighter)                   Turns: 1218, Time: 00:00:38

Health: -4/28      AC: 10    Str: 21    XL:     4   Next: 0%
Magic:  4/4        EV:  9    Int:  9    God:
Gold:   100        SH:  4    Dex:  9    Spells: 3/3 levels left

rFire   . . .        a - +0 war axe
rCold   . . .        c - +0 buckler
rNeg    + . .        b - +0 scale mail
rPois   inf          (no helmet)
rElec   +            (no cloak)
rCorr   .            (no gloves)
SInv    .            (no boots)
Will    .....        (no amulet) Stlth
                     (no ring)
HPRegen 0.24/turn    (no ring)
MPRegen 0.09/turn

%: no passive effects
@: no status effects
A: sickness immunity, AC +3, negative energy resistance 1, electricity
resistance, torment resistance 1, petrification resistance
a: no special abilities


You were on level 2 of the Dungeon.
You visited 1 branch of the dungeon, and saw 2 of its levels.

You collected 100 gold pieces.


Innate Abilities, Weirdness & Mutations

You are immune to sickness and miasma.
Your stone body is resilient. (AC +3)
You are immune to poison.
You resist negative energy. (rN+)
You are resistant to electric shocks. (rElec)
You are resistant to unholy torment.
You are immune to petrification.


   Skills:
 - Level 3.2 Fighting
 + Level 3.7 Axes
 - Level 3.2 Armour
 - Level 3.2 Shields


You had 3 spell levels left.
You didn't know any spells.
Your spell library was empty.

Inventory:

Hand Weapons
 a - a +0 war axe (weapon)
 h - a +0 whip
Armour
 b - a +0 scale mail (worn)
 c - a +0 buckler (worn)
 p - a +0 chain mail
Jewellery
 k - a ring of protection from cold
Scrolls
 l - a scroll of fear {unknown}
 n - 3 scrolls of identify {unknown}
Potions
 d - a potion of might
 e - a potion of cancellation {unknown}
 f - a potion of curing {unknown}
 g - a potion of mutation {unknown}
 i - a potion of heal wounds {unknown}
 j - a potion of haste {unknown}
 m - a potion of brilliance {unknown}
 o - a potion of invisibility {unknown}
 q - a potion of degeneration {unknown}

Dungeon Overview and Level Annotations

Branches:
Dungeon (2/15)

Altars:

Annotations:
D:2 Sigmund


Message History

You miss the frilled lizard. The goblin barely misses you.
The frilled lizard bites you but does no damage.
A goblin comes into view. It is wielding a +0 club.
You hit the goblin.
The goblin is severely wounded.
You hit the frilled lizard.
You kill the frilled lizard!
The goblin barely misses you. Sigmund hits you but does no damage.
You closely miss the goblin.
The goblin is severely wounded.
The goblin hits you but does no damage. Sigmund closely misses you.
The goblin hits you with a +0 club.
You barely miss the goblin.
The goblin is severely wounded.
The goblin hits you but does no damage. Sigmund hits you but does no damage.
You barely miss the goblin.
The goblin is severely wounded.
You barely miss the goblin. The goblin hits you with a +0 club.
The goblin hits you but does no damage.
Sigmund casts a spell.
Sigmund flickers and vanishes!
Deactivating autopickup; reactivate with Ctrl-A.
You slash the goblin!
You kill the goblin!
You slash the goblin!
You kill the goblin!
Something hits you.
You have reached level 4!
You feel clever.
You swing at nothing.
You hear some strange, mumbled words.
A puff of flame appears from out of thin air!
The puff of flame hits you but does no damage.
You swing at nothing.
Something hits you!
You swing at nothing.
Something hits you.
You swing at nothing.
Something hits you.
You die...

#... ...
... ..
##.####
#{....# #.
#))...# ##.
#@# ..
###.# #.
#...# #(
#.###
#.###. #.#
#.##.. #.#
#..... #.#
#..#.. #.#
#..#>. #.#
#.####..#.#


There were no monsters in sight!

Vanquished Creatures
  A gnoll (D:1)
  An adder (D:2)
  A dart slug (D:1)
  A ball python (D:1)
  3 endoplasms (D:1)
  3 giant cockroaches
  4 goblins
  3 hobgoblins (D:1)
  A quokka (D:1)
  4 bats
  3 frilled lizards
  5 kobolds
  2 rats (D:1)
32 creatures vanquished.

Notes
Turn   | Place    | Note
-------+----------+-------------------------------------------
     0 | D:1      | qw the Gargoyle Fighter began the quest for the Orb.
     0 | D:1      | Reached XP level 1. HP: 14/14 MP: 1/1
     0 | D:1      | 0 ||| qw: Version: 0.3-a-2-g5ab2908
     0 | D:1      | 0 ||| qw: Game counter: 172
     0 | D:1      | 0 ||| qw: Always use a shield: true
     0 | D:1      | 0 ||| qw: God list: Okawaru
     0 | D:1      | 0 ||| qw: Allow faded altars: false
     0 | D:1      | 0 ||| qw: Do Orc after D:15 true
     0 | D:1      | 0 ||| qw: Do second Lair branch before Depths: true
     0 | D:1      | 0 ||| qw: Lair rune preference: random
     0 | D:1      | 0 ||| qw: Plans: Normal, Zot:1-4, Slime:5, God:TSO, Crypt,
                  | Tomb, Abyss, Pan, Hells, Win
     0 | D:1      | 0 ||| PLANNING D:1-11
   131 | D:1      | Reached XP level 2. HP: 19/19 MP: 2/2
   185 | D:1      | 185 ||| Stepping ~*~*~tactically~*~*~ (hiding).
   295 | D:1      | 295 ||| DROPPING +0 club.
   381 | D:1      | Reached skill level 3 in Axes
   423 | D:1      | 423 ||| Stepping ~*~*~tactically~*~*~ (hiding).
   424 | D:1      | 424 ||| Stepping ~*~*~tactically~*~*~ (hiding).
   430 | D:1      | Reached XP level 3. HP: 23/23 MP: 3/3
  1137 | D:2      | 1137 ||| Stepping ~*~*~tactically~*~*~ (hiding).
  1205 | D:2      | Noticed Sigmund
  1215 | D:2      | Reached XP level 4. HP: 10/28 MP: 4/4
  1216 | D:2      | HP: 1/28 [something (9)]
  1218 | D:2      | Slain by Sigmund

Levels and vault maps discovered:
D:1:      minmay_arrival_four_circles, layout_basic
D:2:      layout_loops_ring, dilly_ecumenical_altar_fadedgnrine,
          nicolae_underground_beach, uniq_sigmund

Skill      XL: |  1  2 |
---------------+-------+-----
Axes           | 2 3 |  3.7
Fighting       | |  3.2
Armour         | |  3.2
Shields        | |  3.2

Action                     |  1- 3 |  4- 6 || total
---------------------------+-------+-------++-------
  Melee: War axe           |    94 |       ||    94
 Armour: Scale mail        |    48 |     1 ||    49
  Dodge: Dodged            |    35 |       ||    35
  Block: Buckler           |    13 |       ||    13

Table legend:
 A = Non-vault XP
 B = Vault XP
 C = Vault XP percentage of total XP
 D = Non-vault monster count
 E = Vault monster count
 F = Vault count percentage of total count
                 A         B        C        D         E       F
            +---------+---------+-------+---------+---------+-------
      Total |      82 |       0 |   0.0 |      32 |       0 |   0.0
            +---------+---------+-------+---------+---------+-------
        D:1 |      47 |       0 |   0.0 |      19 |       0 |   0.0
        D:2 |      35 |       0 |   0.0 |      13 |       0 |   0.0
            +---------+---------+-------+---------+---------+-------
